 Dungeon Crawl Stone Soup version 0.18.1-6-gd335043 (webtiles) character file.

15129 oplop the Cleaver (level 11, 0/92 HPs)
             Began as a Deep Dwarf Fighter on May 19, 2016.
             Was an Elder of Makhleb.
             Killed from afar by a tengu conjurer (20 damage)
             ... with a lance of force
             ... on level 11 of the Dungeon.
             The game lasted 00:25:12 (8853 turns).

oplop the Cleaver (Deep Dwarf Fighter)              Turns: 8853, Time: 00:25:13

Health: 0/92       AC: 17    Str: 20 (23) XL:     11   Next: 97%
Magic:  12/12      EV: 11    Int: 13      God:    Makhleb [****..]
Gold:   870        SH: 13    Dex: 15      Spells: 0 memorised, 10 levels left

rFire  . . .     SeeInvis .     v - +0 war axe (elec)
rCold  . . .     Gourm    .     k - +2 chain mail {MR+}
rNeg   . . .     Faith    .     c - +1 shield
rPois  +         Spirit   .     M - +0 helmet
rElec  .         Dismiss  .     S - +1 cloak {+Inv}
rCorr  .         Reflect  .     (no gloves)
SustAt .         Harm     .     (no boots)
MR     ++++.     Rnd*Rage +     (no amulet)
Stlth  ..........               K - +3 ring of strength
                                I - ring of Ojomixi {rPois MR+}

@: exhausted, non-regenerating, slowed, very slow, incredibly resistant to
hostile enchantments, extremely unstealthy
A: damage resistance, recharge devices, berserk 1, blink, clever 2, frail 1,
magic resistance 1, sense surroundings 2, slow regeneration 3
a: Device Recharging, Blink, Minor Destruction, Lesser Servant of Makhleb, Major
Destruction, Renounce Religion, Evoke Invisibility


You were on level 11 of the Dungeon.
You worshipped Makhleb.
Makhleb was greatly pleased with you.
You were hungry.

You visited 2 branches of the dungeon, and saw 12 of its levels.

You collected 870 gold pieces.

Inventory:

Hand Weapons
 a - a +1 war axe
 v - a +0 war axe of electrocution (weapon)
 A - a +0 whip of freezing
Armour
 c - a +1 shield (worn)
 k - a +2 chain mail of magic resistance (worn)
 z - the +0 ring mail of Gehenna {rElec rC- rN+ Dex+3}
   (You found it on level 11 of the Dungeon)

   It affects your dexterity (+3).
   It makes you vulnerable to cold.
   It insulates you from electricity.
   It protects you from negative energy.
 M - a +0 helmet (worn)
 S - a +1 cloak of invisibility (worn)
Jewellery
 l - an uncursed ring of flight
 t - an uncursed ring of poison resistance
 I - the ring of Ojomixi (left hand) {rPois MR+}
   (You found it on level 8 of the Dungeon)

   [ring of poison resistance]

   It protects you from poison.
   It affects your resistance to hostile enchantments.
 K - a +3 ring of strength (right hand)
 T - an uncursed ring of positive energy
Wands
 b - a wand of flame (17/48)
 e - a wand of heal wounds (1/9)
 w - a wand of flame (24/48)
 F - a wand of confusion (26/48)
 O - a wand of flame (3/48)
Scrolls
 g - a scroll of remove curse
 h - 4 scrolls of magic mapping
 p - a scroll of enchant armour
 q - 2 scrolls of teleportation
 u - 2 scrolls of amnesia
 x - a scroll of blinking
 y - a scroll of fear
 B - a scroll of identify
 Q - a scroll of fog
Potions
 d - 3 potions of might
 m - 2 potions of lignification
 n - a potion of flight
 o - 5 potions of brilliance
 r - 2 potions of berserk rage
 C - a potion of magic
 D - a potion of resistance
 E - 2 potions of degeneration
 H - 5 potions of curing
 P - a potion of haste
Books
 s - the Guide on the Snowflakes
   (You found it on level 6 of the Dungeon)

   Spells                             Type                      Level
   a - Ensorcelled Hibernation        Hexes/Ice                    2
   b - Ozocubu's Armour               Charms/Ice                   3
   c - Ice Form                       Ice/Transmutation            4
   d - Simulacrum                     Ice/Necromancy               6
 L - a book of Annihilations

   Spells                             Type                      Level
   a - Poison Arrow                   Conjuration/Poison           6
   b - Chain Lightning                Conjuration/Air              8
   c - Lehudib's Crystal Spear        Conjuration/Earth            8
   d - Glaciate                       Conjuration/Ice              9
   e - Fire Storm                     Conjuration/Fire             9
 N - a Necronomicon

   Spells                             Type                      Level
   a - Haunt                          Necromancy/Summoning         7
   b - Borgnjor's Revivification      Necromancy                   8
   c - Death's Door                   Charms/Necromancy            8
   d - Necromutation                  Transmutation/Necromancy     8
 R - a book of Cantrips

   Spells                             Type                      Level
   a - Corona                         Hexes                        1
   b - Animate Skeleton               Necromancy                   1
   c - Summon Small Mammal            Summoning                    1
   d - Apportation                    Translocation                1
Comestibles
 f - 9 bread rations
 i - 2 meat rations
 j - 4 chunks of flesh
 J - 7 beef jerkies


   Skills:
 + Level 8.1 Fighting
 + Level 10.5 Axes
 + Level 9.7 Armour
 + Level 8.6 Dodging
 + Level 9.4 Shields
 + Level 7.7 Invocations


You had 10 spell levels left.
You didn't know any spells.

Dungeon Overview and Level Annotations

Branches:
Dungeon (11/15)            Temple (1/1) D:7            Lair (0/8) D:10
    Orc: D:9-12

Altars:
Ashenzari
Cheibriados
Dithmenos
Elyvilon
Fedhas
Gozag
Kikubaaqudgha
Makhleb
Nemelex Xobeh
Okawaru
Pakellas
Qazlal
Ru
Sif Muna
Trog
Vehumet
Xom
Yredelemnul
Zin
The Shining One


Innate Abilities, Weirdness & Mutations

You are resistant to damage.
You can recharge devices by infusing magical energy.
You passively map the area around you.
You do not regenerate naturally.
You tend to lose your temper in combat.
You can translocate small distances at will.
Your mind is very acute. (Int +4)
You are frail (-10% HP).
You are resistant to hostile enchantments.


Message History

The tengu conjurer barely misses you. You block the tengu conjurer's attack.
Your hellwing barely misses the tengu conjurer.
Your hellwing misses the tengu conjurer.
You barely miss the tengu conjurer.
The tengu conjurer is lightly wounded.
The tengu conjurer gestures at you while chanting.
The orb of energy hits you!
* * * LOW HITPOINT WARNING * * *
The battlesphere fires!
The barrage of energy hits you!
Your hellwing hits the tengu conjurer but does no damage.
Your hellwing misses the tengu conjurer.
Your shield prevents you from hitting the tengu conjurer.
The tengu conjurer is lightly wounded.
You block the tengu conjurer's attack. The tengu conjurer barely misses you.
The tengu conjurer claws you but does no damage.
Your hellwing hits the tengu conjurer.
Your hellwing barely misses the tengu conjurer.
The tengu conjurer casts a spell at you.
The lance of force hits you!
You die...

...... ######..).###.....#.....
,
......*........).)....#..#..#..
, .... ...............#######..
, , ..........#....#..# .. ,
#....##...##).....# , . ,
..########.*........###). , ,
........##...##..........
........##Q..##.>...##.. *
...............4@............#
........########..........####
........##....##..........#
.........#....##...##....##
.........#....##...#######
.........#..........#
.........#))........#
.....<...'...)....<.#
....)....#.)..<.....#


You could see a tengu conjurer, a battlesphere and a friendly hellwing.

Vanquished Creatures
  A centaur warrior (D:10)
  2 unseen horrors
  4 hill giants
  A deep elf mage (D:9)
  An ugly thing (D:11)
  A cyclops (D:8)
  A gargoyle (D:11)
  A centaur skeleton (D:11)
  3 polar bears (D:10)
  2 trolls
  2 centaur simulacra (D:10)
  A shadow (D:9)
  12 yaks
  A basilisk (D:10)
  3 hippogriffs
  2 hungry ghosts
  An orc warrior (D:8)
  3 porcupines (D:10)
  10 ice beasts
  6 sky beasts
  3 ogres
  2 black bears
  A necrophage (D:6)
  A wasp (D:10)
  A phantom (D:9)
  4 wolves
  A centaur (D:9)
  A crocodile (D:10)
  A big kobold (D:10)
  8 giant frogs
  A wyvern skeleton (D:6)
  A killer bee (D:11)
  3 scorpions
  4 howler monkeys
  5 wights
  2 electric eels (D:10)
  8 crimson imps
  A giant frog zombie (D:11)
  A quasit (D:8)
  3 orc priests
  4 hounds
  3 jellies
  6 orc wizards
  A giant frog skeleton (D:7)
  Ijyb (D:2)
  3 iguanas
  Natasha (twice) (D:3)
  11 worker ants
  2 killer bee zombies
  5 sheep (D:10)
  2 giant frog simulacra (D:10)
  A wasp simulacrum (D:10)
  2 hound zombies (D:6)
  3 hound skeletons
  A worker ant zombie (D:7)
  4 gnolls (D:3)
  A howler monkey skeleton (D:10)
  9 adders
  3 river rats (D:10)
  3 shadow imps
  5 white imps (D:10)
  A worker ant simulacrum (D:10)
  3 ufetubi (D:10)
  5 oozes
  2 adder skeletons
  5 worms
  A dart slug (D:3)
  5 giant geckos
  23 orcs
  9 bats
  4 giant cockroaches
  13 goblins
  5 hobgoblins
  15 jackals
  11 kobolds
  5 quokkas
  2 ball pythons
  3 giant newts
  2 gnoll zombies (D:4)
  10 rats
  A fungus (D:7)
307 creatures vanquished.

Vanquished Creatures (collateral kills)
  A polar bear (D:10)
  An orc warrior (D:10)
  A big kobold (D:10)
  A giant frog (D:10)
  An electric eel (D:10)
  A crimson imp (D:10)
  2 orcs (D:10)
  2 kobolds (D:10)
10 creatures vanquished.

Vanquished Creatures (others)
  An orc wizard (D:10)
  2 plants (D:10)
3 creatures vanquished.

Grand Total: 320 creatures vanquished

Notes
Turn   | Place    | Note
--------------------------------------------------------------
     0 | D:1      | oplop the Deep Dwarf Fighter began the quest for the Orb.
     0 | D:1      | Reached XP level 1. HP: 20/20 MP: 1/1
   189 | D:1      | Reached XP level 2. HP: 27/27 MP: 2/2
   760 | D:2      | Reached XP level 3. HP: 29/34 MP: 3/3
   974 | D:2      | Noticed Ijyb
   987 | D:2      | Reached skill level 3 in Axes
  1008 | D:2      | Killed Ijyb
  1008 | D:2      | Reached XP level 4. HP: 24/42 MP: 4/4
  1619 | D:3      | Reached skill level 1 in Dodging
  1801 | D:3      | Noticed Natasha
  1808 | D:3      | Killed Natasha
  1808 | D:3      | Reached XP level 5. HP: 18/49 MP: 5/5
  1808 | D:3      | Reached skill level 4 in Axes
  2310 | D:3      | Noticed Natasha
  2318 | D:3      | Killed Natasha
  2318 | D:3      | Wingboner: Как успехи?
  2318 | D:3      | Reached XP level 6. HP: 46/56 MP: 6/6
  2331 | D:4      | oplop: хз
  2331 | D:4      | oplop: пока никак
  2410 | D:4      | Wingboner: А меня чеипривычка убила.
  2493 | D:4      | Wingboner: Сделал финт, который работает только за Чеи, не за Чеи.
  2511 | D:4      | Wingboner: Закономерно помер.
  2606 | D:4      | Reached skill level 5 in Axes
  2607 | D:4      | oplop: это какой?
  2607 | D:4      | Wingboner: Шаг для телепорта.
  2607 | D:4      | oplop: а
  2666 | D:4      | Found a basalt altar of Yredelemnul.
  2703 | D:4      | Wingboner: Решил с горя политика 3 взять.
  3179 | D:5      | Entered Level 5 of the Dungeon
  3179 | D:5      | Noticed a sky beast
  3194 | D:5      | Killed a sky beast
  3194 | D:5      | Reached XP level 7. HP: 31/63 MP: 7/7
  3728 | D:5      | Reached skill level 6 in Axes
  3728 | D:5      | Reached skill level 5 in Shields
  3746 | D:5      | Reached skill level 5 in Armour
  3774 | D:5      | Found a snail-covered altar of Cheibriados.
  4106 | D:6      | Reached XP level 8. HP: 42/72 MP: 8/8
  4294 | D:6      | Reached skill level 7 in Axes
  4437 | D:6      | Identified the Guide on the Snowflakes
  4554 | D:6      | Reached skill level 5 in Fighting
  4884 | D:7      | Gained mutation: You passively map the area around you. [Deep Dwarf growth]
  4884 | D:7      | Reached XP level 9. HP: 44/81 MP: 9/9
  4885 | D:7      | Found a stormy altar of Qazlal.
  4885 | D:7      | Found a blossoming altar of Fedhas.
  4941 | D:7      | Reached skill level 5 in Dodging
  5123 | D:7      | Found a staircase to the Ecumenical Temple.
  5138 | Temple   | Entered the Ecumenical Temple
  5202 | Temple   | Became a worshipper of Makhleb the Destroyer
  5345 | D:7      | Reached skill level 1 in Invocations
  5586 | D:8      | Got a coiled tin ring
  5588 | D:8      | Identified the ring of Ojomixi {rPois MR+} (You found it on level 8 of the Dungeon)
  5702 | D:8      | Reached skill level 8 in Axes
  5710 | D:8      | Gained mutation: Your mind is acute. (Int +2) [mutagenic meat]
  5711 | D:8      | Gained mutation: You are resistant to hostile enchantments. [mutagenic meat]
  5713 | D:8      | Gained mutation: You are weak. (Str -2) [mutagenic meat]
  5714 | D:8      | Wingboner: !lg oplop place:l:8
  5714 | D:8      | beem: No keyword 'place:l:8'
  5734 | D:8      | Wingboner: !lg oplop place:l8
  5737 | D:8      | beem: No keyword 'place:l8'
  5779 | D:8      | Found an opulent altar of Gozag.
  5830 | D:8      | Noticed a cyclops
  5833 | D:8      | Wingboner: !lg oplop place:lair:8
  5833 | D:8      | beem: No keyword 'place:lair:8'
  5840 | D:8      | Wingboner: Как там правильно...
  5842 | D:8      | Wingboner: Забыл.
  5846 | D:8      | Killed a cyclops
  5910 | D:8      | Noticed a troll
  5912 | D:8      | Wingboner: !lg oplop place:lair_8
  5914 | D:8      | beem: No keyword 'place:lair_8'
  5932 | D:8      | Wingboner: !lg oplop place=lair:8
  5937 | D:8      | beem: 6. oplop the Pandemonic (L13 DDFi of Makhleb), slain by a catoblepas on Lair:8 on 2016-05-19 10:42:51, with 41572 points after 16128 turns and 0:37:57.
  5938 | D:8      | Killed a troll
  5940 | D:8      | Wingboner: Во.
  5944 | D:8      | Wingboner: Разглючился.
  5944 | D:8      | Wingboner: !log oplop place=lair:8
  5944 | D:8      | beem: 6. oplop, XL13 DDFi, T:16128: http://crawl.xtahua.com/crawl/morgue/oplop/morgue-oplop-20160519-104251.txt
  6004 | D:8      | Found an oddly glowing altar of Pakellas.
  6004 | D:8      | Found an ancient bone altar of Kikubaaqudgha.
  6005 | D:8      | Found a deep blue altar of Sif Muna.
  6124 | D:9      | Found an oddly glowing altar of Pakellas.
  6161 | D:9      | oplop: там берсеркерит2 был
  6184 | D:9      | Reached * piety under Makhleb
  6229 | D:9      | Found a bloodstained altar of Trog.
  6455 | D:9      | Reached XP level 10. HP: 48/91 MP: 11/11
  6479 | D:9      | Wingboner: А я играю троллем. Ну то есть на самом деле огром, но троллем.
  6482 | D:9      | Wingboner: У него отрос дикий реген и шерсть.
  6485 | D:9      | Wingboner: &dump
  6485 | D:9      | beem: http://CRAWL.XTAHUA.COM/crawl/morgue/Wingboner/Wingboner.txt
  6485 | D:9      | oplop: а где реген? или ты про трога?
  6527 | D:9      | Wingboner: Роба.
  6527 | D:9      | Wingboner: ??vines
  6527 | D:9      | beem: vines ~ mines ~ orcish mines[1/6]: Found in the main dungeon, between D:9 and D:12. Two levels deep.
  6527 | D:9      | Wingboner: ??robe of the vines
  6527 | D:9      | oplop: f
  6527 | D:9      | beem: I don't have a page labeled robe_of_the_vines in my learndb.
  6527 | D:9      | oplop: а
  6527 | D:9      | oplop: понял
  6527 | D:9      | Wingboner: ??robe of vines
  6527 | D:9      | beem: robe of vines[1/2]: The +2 robe of vines {DeviceHeal--- Regen++++++}. Gives +2.4 hp/turn regen but removes device healing.
  6527 | D:9      | oplop: короче в вайнсталкера превращает
  6614 | D:9      | Wingboner: Ох лолушки. Пачка из трёх аквариумов.
  6619 | D:9      | Wingboner: Будем надеяться на годную броню.
  6683 | D:9      | Noticed a hill giant
  6683 | D:9      | Wingboner: Хрень. Из полезного только FiDA
  6698 | D:9      | Killed a hill giant
  6698 | D:9      | Reached skill level 9 in Axes
  6802 | D:9      | Gained mutation: You are frail (-10% HP). [mutagenic meat]
  6803 | D:9      | Lost mutation: You are weak. (Str -2) [mutagenic meat]
  6804 | D:9      | Gained mutation: Your mind is very acute. (Int +4) [mutagenic meat]
  6943 | D:10     | Entered Level 10 of the Dungeon
  7088 | D:8      | Reached ** piety under Makhleb
  7384 | D:10     | Noticed a deep elf mage
  7402 | D:9      | Killed a deep elf mage
  7402 | D:9      | Reached skill level 5 in Invocations
  7411 | D:9      | Paralysed by fainting for 6 turns
  7580 | D:10     | Reached XP level 11. HP: 68/90 MP: 12/12
  7582 | D:10     | Reached *** piety under Makhleb
  7669 | D:10     | Found a staircase to the Lair.
  7697 | D:10     | Noticed a centaur warrior
  7716 | D:10     | Killed a centaur warrior
  7851 | D:10     | Killed an unseen horror
  7915 | D:10     | Reached skill level 10 in Axes
  7982 | D:10     | Reached **** piety under Makhleb
  8042 | D:8      | oplop: ку
  8170 | D:10     | Noticed a hill giant
  8181 | D:10     | Killed a hill giant
  8204 | D:10     | Gained mutation: You tend to lose your temper in combat. [mutagenic meat]
  8229 | D:10     | Gained mutation: You can translocate small distances at will. [potion of beneficial mutation]
  8230 | D:10     | xeno23: hey
  8232 | D:10     | oplop: файтеру есть смыысл клоку инвиза дрочить?
  8555 | D:11     | xeno23: ну да
  8569 | D:11     | Got a heavily runed ring mail
  8580 | D:11     | Identified the cursed +0 ring mail of Gehenna {rElec rC- rN+ Dex+3} (You found it on level 11 of the Dungeon)
  8580 | D:11     | xeno23: по тебе чаще чем по стаберу будут попадать
  8580 | D:11     | xeno23: но все равно
  8729 | D:11     | Killed an unseen horror
  8752 | D:11     | Noticed a hill giant
  8768 | D:11     | Killed a hill giant
  8768 | D:11     | Reached ***** piety under Makhleb
  8810 | D:11     | Noticed a hill giant
  8811 | D:11     | Noticed a cyan ugly thing
  8843 | D:11     | Killed a cyan ugly thing
  8848 | D:11     | HP: 3/92 [hill giant/giant club (19)]
  8849 | D:11     | Killed a hill giant
  8853 | D:11     | Killed from afar by a tengu conjurer

Skill      XL: |  1  2  3  4  5  6  7  8  9 10 11 |
---------------+----------------------------------+-----
Fighting       | 3 4 5 6 7 8 |  8.1
Axes           | 3 4 5 6 7 8 9 10 | 10.5
Shields        | 4 5 6 7 8 9 |  9.4
Dodging        | 1 2 3 4 6 7 8 |  8.6
Armour         | 4 5 6 7 8 9 |  9.7
Invocations    | 3 5 7 |  7.7

Action                   |  1- 3 |  4- 6 |  7- 9 | 10-12 || total
-------------------------+-------+-------+-------+-------++-------
Melee: War axe           |   136 |   232 |   561 |   550 ||  1479
Invok: Minor Destruction |       |       |       |    11 ||    11
       Lesser Servant of |       |       |       |     6 ||     6
 Abil: Device Recharging |       |       |     1 |     3 ||     4
       Evoke Invisibilit |       |       |       |     1 ||     1
Evoke: Wand              |       |     4 |    16 |    14 ||    34
  Use: Scroll            |       |       |    13 |    10 ||    23
       Potion            |       |       |       |     4 ||     4
  Eat: Chunk             |       |     6 |    13 |    12 ||    31
       Pizza             |       |     1 |       |     2 ||     3
       Fruit             |       |       |     6 |       ||     6
       Meat ration       |       |       |       |     1 ||     1
Armor: Scale mail        |    62 |    91 |    35 |       ||   188
       Chain mail        |       |       |   219 |   348 ||   567
Dodge: Dodged            |    56 |    86 |   177 |   227 ||   546
Block: Shield            |    85 |   122 |   341 |   405 ||   953
